AoeStats
← serbia_warriors

Arabia

509288180Analyzed
1v1 RM · 7d ago on Sep 26, 2026· 15m 12s· 2 players
Game mode
Random Map
Map size
Tiny (2 player)
Population
200
Speed
Normal
Resources
Standard
Victory
Conquest
Starting age
Dark Age
Ending age
Imperial Age
RankedLock teamsTeams togetherTeam positionsShared explorationLock speedFull tech treeHidden civsTurbo modeCheats
Victory
Defeat
🇯🇵 Poles · Japan
1882
+13
🇨🇳 Poles · China
1824
-13
W4 Vipor
7:09 Loom
10:22 Feudal Age
12:14 Horse Collar
12:22 Double-Bit Axe
serbia_warriors
6:33 Loom
9:27 Feudal Age
9:29 Man-at-Arms
12:10 Double-Bit Axe
13:27 Horse Collar
Connection lost

Rejoining the realm…

Still unreachable

The connection could not be restored.

Session expired

The server has moved on; the page needs a fresh start.